 Dungeon Sprint DCSS version 0.21-a0-243-g597973d (webtiles) character file.

109 terra52 the Covert (level 4, 0/24 HPs)
             Began as a Vine Stalker Assassin on Sept 4, 2017.
             Slain by Sigmund
             ... wielding a +0 scythe
              (8 damage)
             ... in the Dungeon (Sprint I: "Red Sonja").
             The game lasted 00:00:39 (51 turns).

terra52 the Covert (Vine Stalker Assassin)            Turns: 51, Time: 00:00:39

Health: 0/24       AC:  3    Str: 14    XL:     4   Next: 90%
Magic:  0/5        EV: 12    Int: 11    God:
Gold:   0          SH:  0    Dex: 16    Spells: 3/3 levels left

rFire    . . .     SeeInvis .   a - +2 dagger
rCold    . . .     Gourm    .   (no shield)
rNeg     . . .     Faith    .   c - +0 robe
rPois    .         Spirit   +   (no helmet)
rElec    .         Reflect  .   d - +0 cloak
rCorr    .         Harm     .   (no gloves)
MR       .....     NoTele   +   (no boots)
Stlth    +++++.....             (no amulet)
HPRegen  0.48/turn              (no ring)
MPRegen  0.09/turn              (no ring)

@: no status effects
A: fangs 2, regeneration 1, magic shield, antimagic bite, no potion heal 3, rot
immunity
a: no special abilities


You were in the Dungeon.
You were not hungry.

You visited 1 branch

Inventory:

Hand Weapons
 a - a +2 dagger (weapon)
 b - a +0 blowgun
Missiles
 e - 8 poisoned needles
 f - 2 curare-tipped needles
Armour
 c - a +0 robe (worn)
 d - a +0 cloak (worn)
 n - a +3 ring mail of cold resistance
Scrolls
 m - a scroll of blinking
Potions
 h - a potion of curing
 i - a potion of heal wounds
 j - a potion of haste
 k - 2 potions of magic
 l - a potion of berserk rage
Comestibles
 g - a bread ration


   Skills:
 + Level 3.1 Fighting
 + Level 2.6 Short Blades
 + Level 2.9 Throwing
 + Level 1.5 Dodging
 + Level 11.0 Stealth


You had 3 spell levels left.
You didn't know any spells.

Dungeon Overview and Level Annotations

Branches:
Dungeon (1/1)

Altars:

Annotations:
D Sigmund


Innate Abilities, Weirdness & Mutations

You have extremely sharp teeth.
Your natural rate of healing is unusually fast.
When hurt, damage is shared between your health and your magic reserves.
Your bite disrupts and absorbs the magic of your enemies.
Potions cannot restore your health.
You are immune to rotting.


Message History

You hit something. You bite something. You drain its magic.
You feel invigorated.
You hit something but do no damage. You bite something.
Something barely misses you.
You barely miss something. Something barely misses you.
You hit something but do no damage. You bite something. You drain its magic.
You closely miss something. Something hits you.
You hit something but do no damage. You bite something.
You barely miss something. You bite something. You drain its magic.
Something hits you but does no damage.
You miss something. You miss something. You bite something.
You drain its magic. You barely miss something. You hit something.
Your bite misses something. Something hits you.
You miss something. You miss something. Your bite misses something.
Something barely misses you.
You barely miss something. You bite something. You hit something.
Your bite misses something. Something hits you!
You hit something. Something hits you!
You die...

#############
#<.#..'..#.{+
#..'..#.)'@.#
#..#####+####
#..# #..#
#..# #⌠⌠#
####


There were no monsters in sight!

Vanquished Creatures
  An ogre (D)
  Ijyb (D)
2 creatures vanquished.

Notes
Turn   | Place    | Note
-------+----------+-------------------------------------------
     0 | D        | terra52 the Vine Stalker Assassin began the quest for the Orb.
     0 | D        | Reached XP level 1. HP: 11/11 MP: 2/2
     2 | D        | Noticed Ijyb
    13 | D        | Killed Ijyb
    13 | D        | Reached skill level 1 in Dodging
    13 | D        | Reached skill level 8 in Stealth
    13 | D        | Reached XP level 2. HP: 15/16 MP: 3/3
    13 | D        | Reached XP level 3. HP: 17/19 MP: 4/4
    19 | D        | Noticed an ogre
    21 | D        | Killed an ogre
    21 | D        | Reached skill level 11 in Stealth
    21 | D        | Gained mutation: Your natural rate of healing is unusually fast. [Vine Stalker growth]
    21 | D        | Reached XP level 4. HP: 23/24 MP: 5/5
    24 | D        | Noticed Sigmund
    51 | D        | Slain by Sigmund

Vault maps used:
D:        dungeon_sprint_1

Skill      XL: |  1  2  3 |
---------------+----------+-----
Fighting       | 2 3 |  3.1
Short Blades   | 2 |  2.6
Throwing       | 2 |  2.9
Dodging        | 1 |  1.5
Stealth        | 8 11 | 11.0

Action                   |  1- 3 |  4- 6 || total
-------------------------+-------+-------++-------
Melee: Dagger            |    11 |    23 ||    34
       Bite              |     4 |    10 ||    14
 Stab: Sleeping          |     2 |       ||     2
Armor: Robe              |     3 |     2 ||     5
Dodge: Dodged            |     4 |     5 ||     9

Table legend:
 A = Spawn XP
 B = Non-spawn XP
 C = Spawn XP percentage of total XP
 D = Spawn monster count
 E = Non-spawn monster count
 F = Spawn count percentage of total count
 G = Total turns spent on level
                    A         B        C        D         E        F      G
               +---------+---------+-------+---------+---------+-------+---------
         Total |       0 |     157 |   0.0 |       0 |       2 |   0.0 |    51
               +---------+---------+-------+---------+---------+-------+---------
             D |       0 |     157 |   0.0 |       0 |       2 |   0.0 |    51
               +---------+---------+-------+---------+---------+-------+---------
